 Dungeon Crawl Stone Soup version 0.30-a0-331-g8ab09dc110 (webtiles) character file.

Game seed: 7357904303755224333

956 oldriver the Magician (level 8, -1/60 HPs)
             Began as a Human Hedge Wizard on Oct 29, 2022.
             Was an Initiate of Gozag.
             Slain by a water moccasin (4 damage)
             ... on level 6 of the Dungeon.
             The game lasted 00:17:35 (8841 turns).

oldriver the Magician (Human Hedge Wizard)          Turns: 8841, Time: 00:17:36

Health: -1/60      AC:  8    Str: 17    XL:     8   Next: 36%
Magic:  15/16      EV: 11    Int: 17    God:    Gozag
Gold:   529        SH:  0    Dex: 12    Spells: 11/20 levels left

rFire   . . .      SeeInvis .    a - +1 dagger
rCold   . . .      Faith    .    (no shield)
rNeg    . . .      Spirit   .    r - +2 ring mail {rPois}
rPois   +          Reflect  .    c - +0 hat
rElec   .          Harm     .    n - +0 cloak
rCorr   .          Rampage  .    (no gloves)
Will    +....                    (no boots)
Stlth   +.........               (no amulet)
HPRegen 0.30/turn                k - ring of willpower
MPRegen 0.15/turn                w - +6 ring of strength

@: lethally poisoned (-1 -> -8)
A: hooves 1, horns 1, low MP 1, wild magic 1
a: Renounce Religion, Potion Petition, Call Merchant, Bribe Branch


You were on level 6 of the Dungeon.
You worshipped Gozag.
Gozag was pleased with you.
You visited 1 branch of the dungeon, and saw 6 of its levels.

You collected 623 gold pieces.
You paid 94 gold pieces to Gozag.

Inventory:

Hand Weapons
 a - a +1 dagger (weapon)
Armour
 c - a +0 hat (worn)
 n - a +0 cloak (worn)
 r - a +2 ring mail of poison resistance (worn)
Jewellery
 d - a ring of flight
 k - a ring of willpower (left hand)
 l - a ring of resist corrosion
 w - a +6 ring of strength (right hand)
Wands
 i - a wand of iceblast (13)
Scrolls
 f - a scroll of fear
 h - 3 scrolls of enchant weapon
Potions
 b - a potion of might
 e - a potion of heal wounds
 j - 2 potions of flight
 s - 2 potions of attraction
 x - a potion of degeneration


   Skills:
 + Level 4.1 Fighting
 - Level 2.0 Dodging
 - Level 2.0 Stealth
 * Level 6.5 Spellcasting
 - Level 3.0 Conjurations
 + Level 3.2 Summonings
 - Level 1.0 Translocations
 + Level 1.4 Ice Magic


You had 11 spell levels left.
You knew the following spells:

 Your Spells              Type           Power      Damage    Failure   Level
a - Magic Dart            Conj           80%        1d7       11%         1
b - Call Imp              Summ           21%        N/A       13%         2
c - Blink                 Tloc           22%        N/A       30%         2
d - Slow                  Hex            28%        N/A       30%         1
e - Ozocubu's Armour      Ice            13%        N/A       45%         3

Your spell library contained the following spells:

 Spells                   Type           Power      Damage    Failure   Level
 Cigotuvi's Dreadful Rot  Necr/Pois/Air  14%        N/A       43%         2
 Mephitic Cloud           Conj/Pois/Air  11%        N/A       50%         3
 Ozocubu's Refrigeration  Ice            6%         4d8       100%        7


Dungeon Overview and Level Annotations

Branches:
Dungeon (6/15)             Temple (0/1) D:4

Altars:
Ashenzari
Gozag
Okawaru
Uskayaw
Lugonu

Portals:
Abyss: D:3

Annotations:
D:5 Dowan, Duvessa


Innate Abilities, Weirdness & Mutations

You have large cloven feet.
You have a pair of small horns on your head.
Your magical capacity is low. (-10% MP)
Your spells are a little harder to cast, but a little more powerful.


Message History

The scorpion closely misses you.
There is an open door here.
The scorpion attacks as you move away! The scorpion stings you.
There's a creature in the doorway!
You barely miss the water moccasin. You headbutt the water moccasin.
The water moccasin is lightly wounded.
The water moccasin barely misses you.
You miss the water moccasin. You headbutt the water moccasin.
The water moccasin is moderately wounded.
The water moccasin bites you.
Cornered, the adder turns to fight!
You barely miss the water moccasin. Your kick misses the water moccasin.
Your headbutt misses the water moccasin.
The water moccasin is moderately wounded.
The water moccasin bites you but does no damage.
The water moccasin barely misses you.
Cornered, the ice beast turns to fight!
You hit the water moccasin.
The water moccasin is moderately wounded.
The water moccasin bites you.
* * * LOW HITPOINT WARNING * * *
You open the door. The water moccasin bites you!
* * * LOW HITPOINT WARNING * * *
You are lethally poisoned!
The water moccasin poisons you! The water moccasin misses you.
Found five items.
The water moccasin attacks as you move away!
The water moccasin closely misses you.
* * * LOW HITPOINT WARNING * * *
You feel very sick.
There is an open door here.
* * * LOW HITPOINT WARNING * * *
You feel very sick.
You see here a +0 leather armour.
You barely miss the water moccasin. You kick the water moccasin.
Your headbutt misses the water moccasin.
The water moccasin is heavily wounded.
* * * LOW HITPOINT WARNING * * *
You feel sick. The water moccasin closely misses you.
The water moccasin bites you.
You die...
Your body crumbles into a pile of gold.

##....####.##
#........#$.#
#...####..#o## #o.##
##.#$.## #..# +.##..##
#..# #......# #..##
####...# ##..#
+###[##oo#
#.#'###SS@?:#.o#
#.##..Ss###$##..######
#.#...Y.#.###.......).
# #.)=..#.....#.......
# #.....#.............
#.##...##.#..##.......
#..#####.#...##.......
#.#.............#####.
#..............##


You could see a water moccasin, a scorpion and 2 adders.

Vanquished Creatures
  Grinder (D:4)
  2 necrophages
  3 hounds
  A jelly (D:5)
  4 iguanas
  An orc wizard (D:4)
  4 adders
  A dart slug (D:2)
  14 orcs
  6 endoplasms
  3 giant cockroaches
  6 goblins
  6 hobgoblins
  7 quokkas
  7 ball pythons
  5 bats
  3 frilled lizards
  10 kobolds
  28 rats
112 creatures vanquished.

Vanquished Creatures (collateral kills)
  4 orc priests
  An iguana (D:4)
  An orc wizard (D:3)
  3 gnolls (D:2)
  2 adders
  A white imp (D:5)
  2 dart slugs
  9 orcs
  A hobgoblin (D:4)
  A kobold (D:3)
  A rat (D:3)
26 creatures vanquished.

Grand Total: 138 creatures vanquished

Notes
Turn   | Place    | Note
-------+----------+-------------------------------------------
     0 | D:1      | oldriver the Human Hedge Wizard began the quest for the
                  | Orb.
     0 | D:1      | Reached XP level 1. HP: 13/13 MP: 4/4
   235 | D:1      | Reached XP level 2. HP: 20/20 MP: 4/6
  1121 | D:1      | Reached XP level 3. HP: 25/25 MP: 1/7
  1446 | D:2      | Reached skill level 1 in Fighting
  2108 | D:2      | Learned a level 2 spell: Call Imp
  2111 | D:2      | Learned a level 2 spell: Blink
  2113 | D:2      | Learned a level 1 spell: Slow
  2126 | D:2      | Reached XP level 4. HP: 32/32 MP: 5/9
  2500 | D:2      | Reached skill level 4 in Spellcasting
  3382 | D:3      | Reached XP level 5. HP: 38/38 MP: 8/11
  3443 | D:3      | Found a one-way gate to the infinite horrors of the Abyss.
  3800 | D:3      | Found a large runed translucent door.
  3800 | D:3      | Found a large runed translucent door.
  4553 | D:3      | Found a corrupted altar of Lugonu.
  4984 | D:3      | Reached XP level 6. HP: 40/44 MP: 5/12
  5475 | D:4      | You fall into a shaft and drop 1 floor!
  5475 | D:5      | Entered Level 5 of the Dungeon
  5514 | D:5      | Noticed Dowan
  5532 | D:5      | Found an opulent altar of Gozag.
  5537 | D:5      | Became a worshipper of Gozag Ym Sagoz the Greedy
  5573 | D:5      | Found an iron altar of Okawaru.
  5694 | D:5      | Reached skill level 5 in Spellcasting
  5694 | D:5      | Reached XP level 7. HP: 22/51 MP: 0/14
  6051 | D:4      | Found a hide-covered altar of Uskayaw.
  6082 | D:4      | Gained mutation: Your magical capacity is low. (-10% MP)
                  | [potion of mutation]
  6082 | D:4      | Gained mutation: Your spells are a little harder to cast,
                  | but a little more powerful. [potion of mutation]
  6082 | D:4      | Gained mutation: You have a pair of small horns on your
                  | head. [potion of mutation]
  6082 | D:4      | Gained mutation: You have large cloven feet. [potion of
                  | mutation]
  6278 | D:4      | Noticed Grinder
  6309 | D:4      | Killed Grinder
  6485 | D:4      | Found a staircase to the Ecumenical Temple.
  7042 | D:4      | Reached skill level 6 in Spellcasting
  7051 | D:4      | Reached XP level 8. HP: 35/60 MP: 1/15
  7374 | D:4      | Found a broken altar of Ashenzari.
  7572 | D:4      | Learned a level 3 spell: Ozocubu's Armour
  7909 | D:5      | Reached skill level 1 in Ice Magic
  8085 | D:5      | Noticed Duvessa
  8126 | D:5      | HP: 1/60 [Dowan/puff of frost (6)]
  8841 | D:6      | HP: 3/60 [poisoned by a water moccasin]
  8841 | D:6      | Slain by a water moccasin

Illustrated notes

Levels and vault maps discovered:
D:1:      psy_arrival_spokes, layout_loops_ring
D:2:      layout_basic, minmay_hedge_maze,
          nicolae_concentric_dashed_squares_mild
D:3:      due_chaos_kobolds, layout_loops_ring, kennysheep_generic_room_12
D:4:      layout_loops_ring, nicolae_uskayaw_murder_on_the_dancefloor,
          old_standard_altar, minmay_temple_entry_ruins, minmay_rat_hole,
          uniq_grinder
D:5:      layout_cave_pools, mainiacjoe_overflow_large_starburst, uniq_duvessa
D:6:      layout_rooms, kennysheep_little_box, grunt_qazlal_clouds,
          zin_treasury, lightli_sewer_entry_pipes, minmay_joined_circles

Skill      XL: |  1  2  3  4  5  6  7  8 |
---------------+-------------------------+-----
Fighting       | 1 2 3 4 |  4.1
Conjurations   | 2 3 |  3.0
Spellcasting   | 4 5 6 |  6.5
Summonings     | 2 3 |  3.2
Ice Magic      | 1 |  1.4
Dodging        | |  2.0
Stealth        | |  2.0
Translocations | |  1.0

Action                   |  1- 3 |  4- 6 |  7- 9 || total
-------------------------+-------+-------+-------++-------
Melee: Dagger            |    33 |    14 |    63 ||   110
       Headbutt          |       |       |    11 ||    11
       Kick              |       |       |     8 ||     8
 Cast: Magic Dart        |    91 |   122 |   157 ||   370
       Call Imp          |       |    37 |    19 ||    56
       Slow              |       |       |     9 ||     9
       Ozocubu's Armour  |       |       |     1 ||     1
  Use: Potion            |       |     3 |     5 ||     8
       Scroll            |       |       |    14 ||    14
 Stab: Distracted        |       |     1 |       ||     1
Armor: Robe              |     8 |    11 |       ||    19
       Skin              |       |       |    35 ||    35
       Ring mail         |       |       |    63 ||    63
Dodge: Dodged            |    37 |    34 |    84 ||   155

Table legend: (Time is in decaauts)
 A = Elapsed time spent in this place.
 B = Non-inter-level travel time spent in this place.
 C = Inter-level travel time spent in this place.
 D = Time resting spent in this place.
 E = Time spent auto-exploring this place.
 F = Levels seen in this place.
 G = Mean time per level.
                   A        B        C        D        E       F      G
               +--------+--------+--------+--------+--------+-----+--------+
         Total |   8849 |   8461 |    388 |   2399 |   4356 |   6 | 1474.8 |
       Dungeon |   8849 |   8461 |    388 |   2399 |   4356 |   6 | 1474.8 |
               +--------+--------+--------+--------+--------+-----+--------+

Top non-repeatable levels by time:
     D:4: 2338 daAuts
     D:3: 1891 daAuts
     D:2: 1872 daAuts
     D:1: 1563 daAuts
     D:5: 1090 daAuts
     D:6: 93 daAuts
